 Dungeon Crawl Stone Soup version 0.20.0-10-g0535bb4 (webtiles) character file.

303 Naow the Cudgeler (level 6, 0/51 HPs)
             Began as a Demonspawn Monk on June 7, 2017.
             Succumbed to Edmund's poison
             ... on level 3 of the Dungeon.
             The game lasted 00:07:13 (3801 turns).

Naow the Cudgeler (Demonspawn Monk)                 Turns: 3801, Time: 00:07:13

Health: 0/51       AC: 13    Str: 14    XL:     6   Next: 15%
Magic:  6/6        EV: 17    Int: 11    God:
Gold:   154        SH:  0    Dex: 22    Spells: 5/5 levels left

rFire    . . .     SeeInvis .   a - +1 mace
rCold    + . .     Gourm    .   (no shield)
rNeg     . . .     Faith    .   t - +0 ring mail
rPois    .         Spirit   .   (no helmet)
rElec    .         Reflect  .   (no cloak)
rCorr    .         Harm     .   i - +1 pair of gloves
MR       .....                  (no boots)
Stlth    +++.......             (no amulet)
Regen    0.2/turn               p - ring of protection from cold
MPRegen  0.1/turn               (no ring)

@: agile, lethally poisoned (0 -> -19), sanguine armour, hasted, very quick
A: claws 2, agile 1, robust 1, rot immunity, sanguine armour 1
a: no special abilities


You were on level 3 of the Dungeon.
You were not hungry.

You visited 1 branch of the dungeon, and saw 4 of its levels.

You collected 154 gold pieces.

Inventory:

Hand Weapons
 a - a +1 mace (weapon)
Armour
 b - a +0 robe
 i - a +1 pair of gloves (worn)
 t - a +0 ring mail (worn)
Jewellery
 h - an uncursed ring of protection from fire
 p - a ring of protection from cold (left hand)
Scrolls
 j - a scroll of teleportation
 l - a scroll of remove curse
 m - 3 scrolls of identify
 q - a scroll of enchant weapon
Potions
 e - a potion of cancellation
Comestibles
 c - 4 bread rations
 f - 3 chunks of flesh
 g - 4 fruits
 k - a meat ration


   Skills:
 - Level 3.0 Fighting
 + Level 6.3 Maces & Flails
 - Level 2.6 Dodging
 - Level 1.7 Stealth


You had 5 spell levels left.
You didn't know any spells.

Dungeon Overview and Level Annotations

Branches:
Dungeon (4/15)
 Temple: D:4-7

Altars:
Makhleb
Qazlal
Trog
Zin

Annotations:
D:4 Eustachio


Innate Abilities, Weirdness & Mutations

You have very sharp fingernails.
You are immune to rotting.
When seriously injured, your bleeding wounds create armour. (AC +6)
You are agile. (Dex +2)
You are robust. (+10% HP)


Message History

You kill Edmund!
Your Maces & Flails skill increases to level 6!
You have reached level 6!
Your experience leads to an increase in your attributes!
Increase (S)trength, (I)ntelligence, or (D)exterity?
You feel stronger.
* * * LOW HITPOINT WARNING * * *
You feel sick.
It was a potion of agility.
You feel agile all of a sudden.
* * * LOW HITPOINT WARNING * * *
You feel sick.
You feel extremely strange.
You feel robust.
You feel agile.
* * * LOW HITPOINT WARNING * * *
You feel sick.
Okay, then.
* * * LOW HITPOINT WARNING * * *
You feel sick.
You die...

#....# ###.#
#.##.#.##........ ...#.####
#...# #.##...##........
##......# #.###
#.##...########## ####.##.#
#.# #.##...## # #...## ###
######.#..###
######.####8###8####.##..(##
.......##8...8...8#######..##
######.##.........####
##..#####
.#####.#_.......@.>#.##
#.......
.......##........)##..#
#.......
#.####.##8...8...8###.##
#....... ..# #.####8###8###
#[.###....... ###
#.########## ##..####.####
#.)..(.....# ##..###.#
#..........# ##.##..#
#...(......# #####..#.####
#..........# ##...........##


There were no monsters in sight!

Vanquished Creatures
  Edmund (D:3)
  An iguana (D:4)
  An orc wizard (D:3)
  A river rat (D:3)
  5 adders (D:2)
  2 oozes
  3 dart slugs (D:1)
  3 leopard geckos
  6 orcs
  8 bats
  3 giant cockroaches
  5 hobgoblins
  3 kobolds
  A ball python (D:2)
  2 frilled lizards
  10 goblins
  A quokka skeleton (D:4)
  9 rats
65 creatures vanquished.

Notes
Turn   | Place    | Note
-------+----------+-------------------------------------------
     0 | D:1      | Naow the Demonspawn Monk began the quest for the Orb.
     0 | D:1      | Reached XP level 1. HP: 18/18 MP: 1/1
    99 | D:1      | Reached skill level 3 in Maces & Flails
   245 | D:1      | Gained mutation: When seriously injured, your bleeding wounds create armour. (AC +6) [demonic ancestry]
   245 | D:1      | Reached XP level 2. HP: 24/24 MP: 2/2
   855 | D:1      | Gained mutation: You are immune to rotting. [demonic ancestry]
   855 | D:1      | Reached XP level 3. HP: 19/29 MP: 3/3
  1178 | D:2      | Reached skill level 4 in Maces & Flails
  1327 | D:2      | Found a burning altar of Makhleb.
  1327 | D:2      | Found a bloodstained altar of Trog.
  1793 | D:2      | Gained mutation: You have sharp fingernails. [demonic ancestry]
  1793 | D:2      | Reached XP level 4. HP: 34/35 MP: 4/4
  2407 | D:3      | Found a stormy altar of Qazlal.
  2546 | D:3      | Reached skill level 5 in Maces & Flails
  2896 | D:3      | Gained mutation: You have very sharp fingernails. [demonic ancestry]
  2896 | D:3      | Reached XP level 5. HP: 33/41 MP: 5/5
  3008 | D:3      | Found a glowing drain.
  3744 | D:4      | Found a glowing silver altar of Zin.
  3744 | D:4      | Noticed Eustachio
  3745 | D:4      | Noticed Edmund
  3797 | D:3      | Killed Edmund
  3797 | D:3      | Reached skill level 6 in Maces & Flails
  3797 | D:3      | Reached XP level 6. HP: 6/47 MP: 6/6
  3799 | D:3      | Gained mutation: You are robust. (+10% HP) [potion of mutation]
  3799 | D:3      | Gained mutation: You are agile. (Dex +2) [potion of mutation]
  3800 | D:3      | HP: 2/51 [poisoned by Edmund]
  3801 | D:3      | Succumbed to Edmund's poison

Skill      XL: |  1  2  3  4  5 |
---------------+----------------+-----
Maces & Flails | 3 4 5 6 |  6.3
Fighting       | |  3.0
Dodging        | |  2.6
Stealth        | |  1.7

Action                   |  1- 3 |  4- 6 || total
-------------------------+-------+-------++-------
Melee: Mace              |   114 |   152 ||   266
  Use: Scroll            |       |     7 ||     7
       Potion            |       |     5 ||     5
 Stab: Sleeping          |     6 |     2 ||     8
       Distracted        |     2 |       ||     2
  Eat: Chunk             |     3 |     6 ||     9
Armor: Robe              |    32 |    35 ||    67
       Ring mail         |       |    19 ||    19
Dodge: Dodged            |    92 |   113 ||   205
